 Dungeon Crawl Stone Soup version 0.31-a0-263-ge8cad7f256 (webtiles) character file.

Game seed: 15326438532802339585

520 qw the Shooter (level 7, -3/59 HPs)
             Began as a Minotaur Hexslinger on July 13, 2023.
             Was an Initiate of Okawaru.
             Slain by a gnoll sergeant
             ... wielding a +0 trident
              (5 damage)
             ... on level 5 of the Dungeon.
             The game lasted 00:01:33 (4066 turns).

qw the Shooter (Minotaur Hexslinger)                Turns: 4066, Time: 00:01:34

Health: -3/59      AC:  5    Str: 10 (13) XL:     7   Next: 1%
Magic:  7/7        EV: 10    Int:  9 (10) God:    Okawaru [......]
Gold:   18         SH:  5    Dex: 12 (14) Spells: 7/8 levels left

rFire   . . .        Y - +0 shortbow
rCold   . . .        (shield currently unavailable)
rNeg    . . .        e - +0 ring mail
rPois   .            (helmet restricted)
rElec   .            (no cloak)
rCorr   .            (no gloves)
SInv    .            (no boots)
Will    .....        f - amulet of reflection
Stlth   +            (no ring)
HPRegen 0.29/turn    (no ring)
MPRegen 0.10/turn

%: reflection
@: no status effects
A: horns 2, retaliatory headbutt
a: Renounce Religion


You were on level 5 of the Dungeon.
You worshipped Okawaru.
Okawaru was noncommittal.
You visited 2 branches of the dungeon, and saw 6 of its levels.

You collected 297 gold pieces.
You spent 279 gold pieces at shops.


Innate Abilities, Weirdness & Mutations

You have a pair of horns on your head.
You reflexively headbutt those who attack you in melee.


   Skills:
 - Level 4.1 Fighting
 + Level 7.4 Ranged Weapons
 - Level 1.0 Armour
 - Level 2.1 Dodging
 - Level 1.0 Spellcasting
 - Level 2.0 Hexes


You had 7 spell levels left.
You knew the following spells:

 Your Spells              Type           Power      Damage    Failure   Level
a - Slow                  Hex            16%        N/A       38%         1

Your spell library contained the following spells:

 Spells                   Type           Power      Damage    Failure   Level
 Inner Flame              Hex/Fire       2%         N/A       88%         3
 Portal Projectile        Hex/Tloc       4%         N/A       88%         3
 Cause Fear               Hex            2%         N/A       99%         4

Inventory:

Hand Weapons
 Y - a +0 shortbow (weapon)
Armour
 e - a +0 ring mail (worn)
Jewellery
 f - an amulet of reflection (around neck)
 g - a ring of ice
Scrolls
 m - 2 scrolls of identify
Potions
 a - a potion of might
 b - 2 potions of mutation
 c - 2 potions of curing
 d - a potion of haste

Dungeon Overview and Level Annotations

Branches:
Dungeon (5/15)             Temple (1/1) D:5

Altars:
Ashenzari
Dithmenos
Elyvilon
Fedhas
Gozag
Hepliaklqana
Nemelex Xobeh
Okawaru
Qazlal
Ru
Trog
Vehumet
Wu Jian
Xom
Yredelemnul
Zin
The Shining One

Shops:
D:1 =   D:4 ?

Annotations:
D:3 3 runed translucent doors, qw's ghost, weakling GrHs
D:5 exclusion: 7 gnoll sergeants


Message History

Enter note:
Enter note:
Enter note: The gnoll sergeant hits you from afar with a +0 trident!
Enter note:
Enter note:
Enter note:
Enter note:
Enter note:
Enter note:
Enter note:
Enter note:
Enter note:
Enter note:
Enter note:
Enter note: You open the door.
The gnoll sergeant hits you from afar with a +0 trident.
Enter note:
Enter note:
Enter note:
Enter note:
Enter note:
There is an open door here.
Enter note:
Enter note:
Enter note:
Enter note:
Enter note: You start resting.
A gnoll sergeant is nearby!
You shoot an arrow. The gnoll sergeant blocks the arrow.
You block the gnoll sergeant's attack.
You shoot an arrow. The gnoll sergeant blocks the arrow.
The gnoll sergeant hits you with a +0 trident!
You block the gnoll sergeant's attack.
You shoot an arrow. The arrow hits the gnoll sergeant.
The gnoll sergeant is severely wounded.
The gnoll sergeant hits you with a +0 trident.
You die...

#...... #.....######
#.##.......# #.##.......# ##
#.##......<## .....
#.#.........# .....
#.#...).....#
###....#####.#g........#
##..........#@#....>....#
.....>........g.........#
.....................####
.....................#
#................:..#
#........###......#
###.......###......#########
#}_..\......................
..###..).....###.........#####


You could see a gnoll sergeant.

Vanquished Creatures
  A centaur (D:5)
  An ogre (D:4)
  A phantom (D:4)
  A scorpion (D:4)
  2 iguanas (D:4)
  A sleepcap (D:4)
  Robin (D:2)
  4 adders
  2 worms
  3 dart slugs
  2 orcs
  8 ball pythons
  3 endoplasms
  2 giant cockroaches (D:3)
  18 goblins
  7 hobgoblins
  2 jackals (D:2)
  4 quokkas
  4 bats
  5 frilled lizards
  7 kobolds
  5 rats
84 creatures vanquished.

Vanquished Creatures (collateral kills)
  A hobgoblin (D:4)
  A ball python (D:4)
2 creatures vanquished.

Vanquished Creatures (others)
  An ogre zombie (D:4)
1 creature vanquished.

Grand Total: 87 creatures vanquished

Notes
Turn   | Place    | Note
-------+----------+-------------------------------------------
     0 | D:1      | qw the Minotaur Hexslinger began the quest for the Orb.
     0 | D:1      | Reached XP level 1. HP: 16/16 MP: 1/1
     0 | D:1      | 0 ||| qw: Version: 0.3-a-52-g30416fa
     0 | D:1      | 0 ||| qw: Game counter: 7065
     0 | D:1      | 0 ||| qw: Melee chars always use a shield: true
     0 | D:1      | 0 ||| qw: God list: Okawaru
     0 | D:1      | 0 ||| qw: Allow faded altars: false
     0 | D:1      | 0 ||| qw: Do Orc after clearing Dungeon:15 true
     0 | D:1      | 0 ||| qw: Do second Lair branch before Depths: true
     0 | D:1      | 0 ||| qw: Lair rune preference: random
     0 | D:1      | 0 ||| qw: Goals: Normal
     0 | D:1      | 0 ||| PLANNING D:1-11
     8 | D:1      | Found Duibigee's Jewellery Boutique.
    19 | D:1      | 19 ||| SHOPLISTING +4 ring of slaying (780 gold, have 18).
    19 | D:1      | 19 ||| SHOPLISTING +6 ring of dexterity (360 gold, have
                  | 18).
    19 | D:1      | 19 ||| SHOPLISTING amulet of regeneration (300 gold, have
                  | 18).
    19 | D:1      | 19 ||| SHOPLISTING ring "Hall" {Will+ Str+3 Int+3} (446
                  | gold, have 18).
    19 | D:1      | 19 ||| SHOPLISTING ring of protection from fire (250 gold,
                  | have 18).
    19 | D:1      | 19 ||| SHOPLISTING ring of resist corrosion (200 gold, have
                  | 18).
    19 | D:1      | 19 ||| SHOPLISTING ring of see invisible (150 gold, have
                  | 18).
    19 | D:1      | 19 ||| SHOPLISTING ring of willpower (250 gold, have 18).
   240 | D:1      | Reached skill level 3 in Ranged Weapons
   258 | D:1      | Reached XP level 2. HP: 23/23 MP: 2/2
   486 | D:1      | 486 ||| UPGRADING to +0 leather armour.
   496 | D:1      | 496 ||| DROPPING +0 robe.
   497 | D:1      | 497 ||| READING scroll labelled VAUKHUM REMPI.
   498 | D:1      | 498 ||| READING scroll labelled VAMAKH ATUICIZ.
   499 | D:1      | 499 ||| DROPPING scroll of poison.
   811 | D:2      | Reached XP level 3. HP: 13/29 MP: 3/3
  1216 | D:2      | Reached skill level 4 in Ranged Weapons
  1636 | D:2      | 1636 ||| UPGRADING to +0 ring mail.
  1646 | D:2      | 1646 ||| DROPPING +0 leather armour.
  1647 | D:2      | 1647 ||| DROPPING ring of flight.
  1648 | D:2      | 1648 ||| READING scroll labelled FAOCKAS PY WOG.
  1649 | D:2      | 1649 ||| READING scroll labelled HUTAWK SOMAIX.
  1650 | D:2      | 1650 ||| DRINKING 2 sedimented coppery potions.
  1651 | D:2      | 1651 ||| DROPPING potion of brilliance.
  1719 | D:3      | 1719 ||| STAIRDANCE
  1724 | D:2      | Reached skill level 1 in Armour
  1764 | D:3      | 1764 ||| STAIRDANCE
  1781 | D:3      | Noticed Robin
  1786 | D:3      | 1786 ||| STAIRDANCE
  1812 | D:2      | Reached XP level 4. HP: 29/36 MP: 4/4
  1842 | D:3      | 1842 ||| STAIRDANCE
  1846 | D:2      | Killed Robin
  1937 | D:3      | Found a runed translucent gate.
  1937 | D:3      | Found a runed translucent gate.
  1937 | D:3      | Noticed qw's ghost (weakling GrHs)
  1943 | D:3      | Found a runed translucent gate.
  2037 | D:3      | Found a faded altar of an unknown god.
  2246 | D:3      | Found a bloodstained altar of Trog.
  2270 | D:3      | Reached skill level 5 in Ranged Weapons
  2596 | D:3      | 2596 ||| UPGRADING to amulet of reflection.
  2601 | D:3      | 2601 ||| READING scroll labelled KAIHAEB TAYB.
  2602 | D:3      | 2602 ||| DRINKING 3 coppery potions.
  2608 | D:3      | 2608 ||| DRINKING 2 clear potions.
  2609 | D:3      | 2609 ||| READING 2 scrolls of identify.
  2609 | D:3      | 2609 ||| IDENTIFYING fizzy brown potion
  2610 | D:3      | 2610 ||| DROPPING 2 potions of ambrosia.
  2611 | D:3      | 2611 ||| DROPPING potion of attraction.
  2714 | D:4      | Reached XP level 5. HP: 44/44 MP: 5/5
  2741 | D:4      | 2741 ||| FLEEEEING.
  2742 | D:4      | 2742 ||| FLEEEEING.
  2743 | D:4      | 2743 ||| FLEEEEING.
  2866 | D:4      | Noticed an ogre
  2869 | D:4      | Killed an ogre
  2870 | D:4      | Reached XP level 6. HP: 52/52 MP: 6/6
  2906 | D:4      | 2906 ||| READING 3 scrolls of identify.
  2906 | D:4      | 2906 ||| IDENTIFYING metallic cyan potion
  2907 | D:4      | 2907 ||| READING 2 scrolls of identify.
  2907 | D:4      | 2907 ||| IDENTIFYING fizzy blue potion
  2962 | D:4      | Found Jowa's Magic Scroll Shop.
  2971 | D:4      | 2971 ||| BUYING scroll of brand weapon (133 gold).
  2971 | D:4      | Bought a scroll of brand weapon for 133 gold pieces
  2971 | D:4      | 2971 ||| SHOPLISTING scroll of brand weapon (133 gold, have
                  | 96).
  2971 | D:4      | 2971 ||| SHOPLISTING scroll of enchant armour (105 gold,
                  | have 96).
  2971 | D:4      | 2971 ||| BUYING scroll of identify (28 gold).
  2971 | D:4      | Bought a scroll of identify for 28 gold pieces
  2971 | D:4      | 2971 ||| BUYING scroll of identify (28 gold).
  2971 | D:4      | Bought a scroll of identify for 28 gold pieces
  2971 | D:4      | 2971 ||| SHOPLISTING scroll of teleportation (42 gold, have
                  | 40).
  2971 | D:4      | 2971 ||| READING scroll of brand weapon.
  2971 | D:4      | 2971 ||| BRANDING +1 sling of chaos.
  3003 | D:4      | 3003 ||| FLEEEEING.
  3004 | D:4      | 3004 ||| FLEEEEING.
  3005 | D:4      | 3005 ||| FLEEEEING.
  3006 | D:4      | 3006 ||| FLEEEEING.
  3019 | D:4      | 3019 ||| FLEEEEING.
  3034 | D:4      | Reached skill level 6 in Ranged Weapons
  3627 | D:4      | 3627 ||| READING scroll labelled COBLELIDEA.
  3628 | D:4      | 3628 ||| DRINKING 2 fizzy puce potions.
  3629 | D:4      | 3629 ||| READING 4 scrolls of identify.
  3629 | D:4      | 3629 ||| IDENTIFYING lumpy golden potion
  3630 | D:4      | 3630 ||| READING 3 scrolls of identify.
  3630 | D:4      | 3630 ||| IDENTIFYING fizzy inky potion
  3631 | D:4      | 3631 ||| DROPPING potion of lignification.
  3632 | D:4      | 3632 ||| DROPPING potion of degeneration.
  3667 | D:5      | Entered Level 5 of the Dungeon
  3693 | D:5      | Found Zin's Purification Station.
  3696 | D:5      | Found a glowing silver altar of Zin.
  3702 | D:5      | HP: 12/52 [centaur/arrow (10)]
  3705 | D:5      | Reached skill level 7 in Ranged Weapons
  3705 | D:5      | Reached XP level 7. HP: 15/59 MP: 7/7
  3865 | D:5      | 3865 ||| SWAPPING to +0 shortbow.
  3866 | D:5      | 3866 ||| DROPPING +1 sling of electrocution.
  3868 | D:5      | 3868 ||| BUYING potion of curing (90 gold).
  3868 | D:5      | Bought a potion of curing for 90 gold pieces
  3872 | D:5      | Found a staircase to the Ecumenical Temple.
  3874 | D:5      | 3874 ||| PLANNING TEMPLE
  3874 | D:5      | 3874 ||| READING scroll labelled UMALELL QAMOUH.
  3883 | Temple   | Entered the Ecumenical Temple
  3900 | Temple   | 3900 ||| PLANNING OKAWARU WORSHIP
  4017 | Temple   | Became a worshipper of Warmaster Okawaru
  4018 | Temple   | 4018 ||| PLANNING D:1-11
  4061 | D:5      | HP: 14/59 [gnoll sergeant/+0 trident (6)]
  4065 | D:5      | HP: 2/59 [gnoll sergeant/+0 trident (13)]
  4066 | D:5      | Slain by a gnoll sergeant

Levels and vault maps discovered:
D:1:      mushboom_english_gardens, layout_rooms, serial_shops, shop,
          serial_curves, eino_curves_01, eino_curves_04
D:2:      layout_basic, hangedman_decor_points, minmay_cupped
D:3:      layout_loops_ring, mainiacjoe_overflow_concentric_impassable,
          gammafunk_ghost_split, basic_ecumenical_altar, amethyst_killhole,
          uniq_robin
D:4:      layout_cave_pods, serial_shops, shop, minmay_ruptured
D:5:      layout_basic, zin_purify, minmay_temple_entry_butterflies
Temple:   nicolae_temple_superstar

Skill      XL: |  1  2  3  4  5  6 |
---------------+-------------------+-----
Ranged Weapons | 3 4 5 7 |  7.4
Fighting       | 2 4 |  4.1
Armour         | 1 |  1.0
Dodging        | |  2.1
Spellcasting   | |  1.0
Hexes          | |  2.0

Action                     |  1- 3 |  4- 6 |  7- 9 || total
---------------------------+-------+-------+-------++-------
   Fire: Sling             |   150 |   126 |       ||   276
         Shortbow          |       |       |    16 ||    16
    Use: Scroll            |     4 |     8 |     1 ||    13
         Potion            |     1 |     3 |       ||     4
 Armour: Robe              |     3 |       |       ||     3
         Leather armour    |     4 |       |       ||     4
         Ring mail         |    24 |    14 |     1 ||    39
  Dodge: Dodged            |    62 |    35 |     2 ||    99
  Block: Other             |       |     6 |     5 ||    11
         Reflection        |       |     1 |       ||     1

Table legend:
 A = Non-vault XP
 B = Vault XP
 C = Vault XP percentage of total XP
 D = Non-vault monster count
 E = Vault monster count
 F = Vault count percentage of total count
                 A         B        C        D         E       F
            +---------+---------+-------+---------+---------+-------
      Total |     639 |     105 |  14.1 |      67 |      19 |  22.1
            +---------+---------+-------+---------+---------+-------
        D:1 |      23 |       0 |   0.0 |      15 |       0 |   0.0
        D:2 |      51 |      33 |  39.3 |      15 |       9 |  37.5
        D:3 |      38 |      12 |  24.0 |      21 |       6 |  22.2
        D:4 |     407 |      60 |  12.8 |      14 |       4 |  22.2
        D:5 |     120 |       0 |   0.0 |       2 |       0 |   0.0
            +---------+---------+-------+---------+---------+-------
